 Dungeon Crawl Stone Soup version 0.30-a0-920-g7493c07aab (webtiles) character file.

Game seed: 15414300954415237261

28 jasper the Digger (level 2, 0/19 HPs)
             Began as a Demonspawn Earth Elementalist on Mar 21, 2023.
             Killed from afar by a dart slug (4 damage)
             ... with a slug dart
             ... on level 2 of the Dungeon.
             The game lasted 00:01:23 (1063 turns).

jasper the Digger (Demonspawn Earth Elementalist)   Turns: 1063, Time: 00:01:23

Health: 0/19       AC:  2    Str:  8    XL:     2   Next: 96%
Magic:  4/5        EV: 17    Int: 16    God:
Gold:   12         SH:  0    Dex: 13    Spells: 4/5 levels left

rFire   + . .      SeeInvis .    d - +0 dagger (freeze)
rCold   . . .      Faith    .    (no shield)
rNeg    . . .      Spirit   .    a - +0 robe
rPois   .          Reflect  .    (no helmet)
rElec   .          Rampage  .    (no cloak)
rCorr   .                        (no gloves)
Will    .....                    (no boots)
Stlth   ++                       (no amulet)
HPRegen 0.23/turn                j - ring of protection from fire
MPRegen 0.09/turn                (no ring)

@: agile
A: powered by pain 1
a: no special abilities


You were on level 2 of the Dungeon.
You visited 1 branch of the dungeon, and saw 2 of its levels.

You collected 12 gold pieces.

Inventory:

Hand Weapons
 d - a +0 dagger of freezing (weapon)
Missiles
 g - 3 curare-tipped darts
 h - 17 stones
Armour
 a - a +0 robe (worn)
Jewellery
 j - a ring of protection from fire (left hand)
Potions
 b - a potion of magic
 c - a potion of degeneration {unknown}
 e - a potion of invisibility {unknown}
 i - a potion of flight {unknown}


   Skills:
 - Level 1.7 Dodging
 - Level 1.7 Stealth
 - Level 2.0 Spellcasting
 - Level 0.8 Transmutations
 + Level 3.8 Earth Magic


You had 4 spell levels left.
You knew the following spells:

 Your Spells              Type           Power      Damage    Failure   Level
a - Sandblast             Erth           26%        2d8       4%          1

Your spell library contained the following spells:

 Spells                   Type           Power      Damage    Failure   Level
 Passwall                 Tmut/Erth      7%         N/A       12%         2
 Sting                    Tmut/Pois      8%         1d3       17%         1
 Stone Arrow              Conj/Erth      14%        3d7       28%         3
 Poisonous Vapours        Pois/Air       2%         N/A       30%         2
 Petrify                  Tmut/Erth      9%         N/A       61%         4
 Olgreb's Toxic Radiance  Pois           1%         N/A       90%         4


Dungeon Overview and Level Annotations

Branches:
Dungeon (2/15)

Altars:


Innate Abilities, Weirdness & Mutations

You sometimes gain a little power by taking damage.


Message History

It is a scroll of brand weapon.
Your +0 dagger is covered with a thin layer of ice!
d - a +0 dagger of freezing (weapon)
You see here a +0 robe.
There is an escape hatch in the floor here.
You slide downwards.
The hatch slams shut behind you.
The frilled lizard hisses angrily.
Found a leather armour.
Found 6 stones.
Found an escape hatch in the floor.
You hit the frilled lizard. You freeze the frilled lizard.
You kill the frilled lizard!
The bat completely misses you.
Aiming: Sandblast (safe; 4% risk of failure)
Press: ? - help, Q - select action, (/) - cycle Shift-Dir - straight line, f - bat
Aim: a bat (73% to hit)
The blast of sand hits the bat.
You kill the bat!
The orc priest shouts!
The orc priest mumbles some strange prayers to Beogh against you.
Beogh smites you!
Ouch! That really hurt!
* * * LOW HITPOINT WARNING * * *
You focus on the pain.
You feel agile all of a sudden. The dart slug launches a dart at you.
The slug dart misses you.
You hear a shout!
You take 15 damage, and have 4/19 hp.
MASSIVE DAMAGE!!
You now have 4/5 mp.
Aiming: Sandblast (safe; 4% risk of failure)
Press: ? - help, Q - select action, (/) - cycle Shift-Dir - straight line, f - you That would be overly suicidal.
Okay, then.
Unknown command.
A rat comes into view.
You see here a frilled lizard corpse.
A goblin comes into view. It is wielding a +0 dagger.
The dart slug launches a dart at you. The slug dart hits you.
You die...

.....#########
.......#.....## ####
..............##...g
...............r....
...K................
..o..o.........(....
....................
o....w....†.@.......
................>...
...[................
#......#.....#......
#........#####......
.........# ......
##.......# .....
#.......# .....


You could see an orc priest, a dart slug, a goblin (asleep) and a rat
(wandering).

Vanquished Creatures
  A dart slug (D:1)
  3 ball pythons (D:1)
  3 endoplasms (D:1)
  A giant cockroach (D:1)
  3 goblins (D:1)
  3 hobgoblins (D:1)
  5 kobolds (D:1)
  2 bats
  A frilled lizard (D:2)
  2 rats (D:1)
24 creatures vanquished.

Notes
Turn   | Place    | Note
-------+----------+-------------------------------------------
     0 | D:1      | jasper the Demonspawn Earth Elementalist began the quest
                  | for the Orb.
     0 | D:1      | Reached XP level 1. HP: 13/13 MP: 3/3
    54 | D:1      | Reached skill level 3 in Earth Magic
   265 | D:1      | Gained mutation: You sometimes gain a little power by
                  | taking damage. [demonic ancestry]
   265 | D:1      | Reached XP level 2. HP: 19/19 MP: 3/5
  1063 | D:2      | Killed from afar by a dart slug

Illustrated notes

Levels and vault maps discovered:
D:1:      lightli_arrival_flooded_house, layout_loops_ring, bh_walls_and_bars
D:2:      layout_rooms

Skill      XL: |  1 |
---------------+----+-----
Earth Magic    | 3 |  3.8
Dodging        | |  1.7
Stealth        | |  1.7
Spellcasting   | |  2.0
Transmutations | |  0.8

Action                     || total
---------------------------++-------
  Melee: Dagger            ||    15
  Throw: Dart              ||     1
   Cast: Sandblast         ||    32
    Use: Scroll            ||     1
 Armour: Robe              ||     4
  Dodge: Dodged            ||    15

Table legend: (Time is in decaauts)
 A = Elapsed time spent in this place.
 B = Non-inter-level travel time spent in this place.
 C = Inter-level travel time spent in this place.
 D = Time resting spent in this place.
 E = Time spent auto-exploring this place.
 F = Levels seen in this place.
 G = Mean time per level.
                   A        B        C        D        E       F      G
               +--------+--------+--------+--------+--------+-----+--------+
         Total |   1079 |   1031 |     48 |      0 |    873 |   2 |  539.5 |
       Dungeon |   1079 |   1031 |     48 |      0 |    873 |   2 |  539.5 |
               +--------+--------+--------+--------+--------+-----+--------+

Top non-repeatable levels by time:
     D:1: 1071 daAuts
     D:2: 7 daAuts
